Unix NetHack Version 5.0.0-0 post-release - last build Jun 10 2026 00:39:30 (3ee93aec679c4c4259841fe613dc97188e26a321,branch:main).

Game began 2026-06-20 22:16:05, ended 2026-06-20 22:35:04.

Drastanta, lawful male human Samurai

  -----------          ###################################             -----
  |<.........#####     #                                 ####          ....|
  |.........|          #                                    #      ......>.|
  |..........###       #                                    ##@s"..........|
  |.........|  #       #                                           ........|
  |.......... ##########                                               ....|
  -.---------  ####                                                    -----

Drastanta the Ninja    St:13 Dx:18 Co:18 In:10 Wi:10 Ch:6  Lawful
Dlvl:7  $:62 HP:0(59) Pw:25(25) AC:4  Xp:6 T:2581  Burdened

Latest messages:
 The kobold shaman points all around, then curses.
 You hit the kobold shaman.
 The kobold shaman points all around, then curses.
 You kill the kobold shaman!
 Where do you want to travel to?
 (For instructions type a '?')
 The gnome king wields 4 daggers!
 You hit the gnome king.
 The gnome king thrusts one of his daggers.
 The gnome king hits!
 The gnome king's 4 daggers shatter from the force of your blow!
 The gnome king turns to flee.
 You hit the gnome king.
 You kill the gnome king!
 You see here a white gem.
 You fall down the stairs.
 What do you want to put on? [kwBDFK or ?*] B
 You are now wearing a blindfold.
 You can't see any more.
 Pick a monster, object or location.
 Unknown direction: '+' (use '4', '2', '8', '6' or '.').
 You were wearing an uncursed blindfold.
 You can see again.
 You hear a door open.
 You hear a door open.
 You hear a door open.
 You hit the gnome!
 You kill the gnome!
 You see here a brass wand.
 You have a little trouble lifting S - a brass wand.
 You hear a chugging sound.
 You kill the gnome!
 The giant spider spins a web.
 Really step into that web? [yn] (n) n
 The giant spider bites!
 The giant spider's bite was poisoned!
 The giant spider bites!
 You hit the giant spider.
 The giant spider bites!
 You hit the giant spider!
 You hit the giant spider.
 The giant spider misses!
 The giant spider bites!
 The giant spider's bite was poisoned!
 You hit the giant spider.
 The giant spider bites!
 The giant spider bites!
 You die...
 Do you want your possessions identified? [ynq] (y) y
 Do you want to see your attributes? [ynq] (y) q

Inventory:
 Coins    ('$')
  $ - 62 gold pieces
 Amulets  ('"')
  w - an uncursed amulet of ESP
 Weapons  (')')
  a - a +0 katana (weapon in right hand)
  b - a +0 wakizashi
 Armor    ('[')
  g - an uncursed +0 orcish helm
  O - an uncursed +0 pair of iron shoes
  q - an uncursed +0 pair of low boots
  P - an uncursed +0 alchemy smock with text "Gehennom's Kitchen"
  e - an uncursed rustproof +0 splint mail (being worn)
 Comestibles  ('%')
  n - an uncursed carrot
  z - 2 uncursed gunyoki
 Scrolls  ('?')
  A - an uncursed scroll of charging
  i - a blessed scroll of confuse monster
  L - an uncursed scroll of enchant armor
  t - an uncursed scroll of enchant weapon
  o - 2 uncursed scrolls of identify
  y - a cursed scroll of punishment
  p - a blessed scroll of remove curse
  f - an uncursed scroll of scare monster
  r - a cursed scroll of teleportation
 Potions  ('!')
  u - 2 blessed potions of healing
  E - 2 uncursed potions of healing
  R - a blessed potion of sake
  h - 2 uncursed potions of water
 Rings    ('=')
  D - an uncursed +2 ring of gain strength
  K - a cursed ring of hunger
  k - a cursed ring of teleportation
 Wands    ('/')
  S - a wand of digging (0:5)
  x - a wand of make invisible (0:6)
  J - a wand of probing (0:5)
 Tools    ('(')
  M - an uncursed sack containing 2 items
  B - an uncursed blindfold
  s - an uncursed osaku
  Q - an uncursed skeleton key
  G - a blessed tallow candle
  N - an uncursed tallow candle
  F - an uncursed towel

Contents of the sack:
  2 cursed potions of healing
  a cursed potion of paralysis

Drastanta the Samurai's attributes:

Background:
 You were a Ninja, a level 6 male human Samurai.
 You were lawful, nominally on a mission for Amaterasu Omikami
 who was opposed by Raijin (neutral) and Susanowo (chaotic).
 You were right-handed.
 You were in the Gnomish Mines, on level 7.
 You entered the dungeon 2581 turns ago.
 It was nighttime.
 You had 471 experience points, 169 more were needed to attain level 7.

Basics:
 You had 0 out of 59 hit points.
 You had all 25 energy points (spell power).
 Your armor class was 4.
 Your wallet contained 62 zorkmids.
 Autopickup was on for '$' plus thrown.

Final Characteristics:
 Your strength was 13 (limit:18/100).
 Your dexterity was 18 (limit:18).
 Your constitution was 18 (limit:18).
 Your intelligence was 10 (limit:18).
 Your wisdom was 10 (limit:18).
 Your charisma was 6 (limit:18).

Final Status:
 You weren't hungry.
 You were burdened; movement was slightly slowed.
 You were wielding a long sword.
 You were skilled in long sword.

Final Attributes:
 You were piously aligned.
 You were telepathic.
 You were warded.
 You were fast.
 You are dead.

Miscellaneous:
 You didn't encounter any bones levels.
 Total elapsed playing time was 18 minutes and 58 seconds.

Major events:
 Turn
    1: Drastanta the lawful male human Samurai entered the dungeon
  680: entered the Gnomish Mines
  917: attained the rank of Ronin (level 3)
 1967: attained the rank of Ninja (level 6)
 2581: killed by a giant spider

You didn't know any spells.

Skills:
 Fighting Skills
   martial arts      [Basic]
   two weapon combat [Unskilled]
   riding            [Unskilled]
 Weapon Skills
   dagger            [Unskilled]
   knife             [Unskilled]
   short sword       [Basic]
   broadsword        [Unskilled]
   long sword        [Skilled]
   two-handed sword  [Unskilled]
   saber             [Unskilled]
   flail             [Unskilled]
   quarterstaff      [Unskilled]
   polearms          [Unskilled]
   spear             [Unskilled]
   lance             [Unskilled]
   bow               [Basic]
   shuriken          [Unskilled]
 Spellcasting Skills
   attack spells     [Unskilled]
   divination spells [Unskilled]
   clerical spells   [Unskilled]

Voluntary challenges:
 Character rerolling was not enabled.
 You were an atheist.
 You were illiterate.
 You never genocided any monsters.
 You never polymorphed an object.
 You never changed form.
 You used no wishes.
Achievements:
 You entered the Gnomish Mines.
 You attained the rank of Ronin.
 You attained the rank of Ninja.

 The Dungeons of Doom: levels 1 to 4
    Level 1:
    Level 2:
    Level 3:
       A fountain.
       Stairs down to The Gnomish Mines.
    Level 4:
 The Gnomish Mines: levels 4 to 7
    Level 4:
    Level 5:
    Level 6:
    Level 7: <- You were here.
       Final resting place for
          you, killed by a giant spider.


Vanquished creatures:
  a gnome ruler
  a snake
  a pony
  a yellow light
  5 gnome leaders
  a gnomish wizard
  a ghoul
  a little dog
  a floating eye
  a kitten
  a dwarf
  a homunculus
  a kobold shaman
  a centipede
  a wererat
 an acid blob
  2 coyotes
  a hobbit
  a large kobold
  a hobgoblin
  a giant rat
  a cave spider
  a yellow mold
 31 gnomes
  9 garter snakes
  2 geckos
  2 jackals
  2 foxes
  a goblin
  3 sewer rats
  3 grid bugs
  2 lichens
  a newt
84 creatures vanquished.

No species were genocided or became extinct.

Game over:
                       ----------
                      /          \
                     /    REST    \
                    /      IN      \
                   /     PEACE      \
                  /                  \
                  |    Drastanta     |
                  |      62 Au       |
                  |   killed by a    |
                  |   giant spider   |
                  |                  |
                  |                  |
                  |       2026       |
                 *|     *  *  *      | *
        _________)/\\_//(\/(/\)/\//\/|_)_______

Sayonara Drastanta the Samurai...

You died in The Gnomish Mines on dungeon level 7 with 2250 points,
and 62 pieces of gold, after 2581 moves.
You were level 6 with a maximum of 59 hit points when you died.

